 Dungeon Crawl Stone Soup version 0.29.1-15-g9cfb28693d (webtiles) character file.

Game seed: 15416431751989353322

293 BuddhaDhamma the Cleaver (level 6, -7/76 HPs)
             Began as a Minotaur Berserker on Mar 9, 2023.
             Was a Priest of Trog.
             Killed from afar by Ijyb (12 damage)
             ... with a puff of flame
             ... on level 3 of the Dungeon.
             The game lasted 00:05:41 (2746 turns).

BuddhaDhamma the Cleaver (Minotaur Berserker)       Turns: 2746, Time: 00:05:41

Health: -7/76      AC: 27    Str: 24    XL:     6   Next: 11%
Magic:  5/5        EV:  2    Int:  4    God:    Trog [***...]
Gold:   116        SH:  0    Dex:  9    Spells: 5/5 levels left

rFire   . . .      SeeInvis .   a - +0 hand axe
rCold   . . .      Faith    .   (no shield)
rNeg    . . .      Spirit   .   (body armour currently unavailable)
rPois   +          Reflect  .   (helmet currently unavailable)
rElec   .          Harm     .   (cloak currently unavailable)
rCorr   .          Rampage  .   (gloves currently unavailable)
Will    .....      NoTele   +   (boots currently unavailable)
Stlth   +.........              h - amulet of the acrobat
HPRegen 0.22/turn               u - +4 ring of protection
MPRegen 0.09/turn               (no ring)

@: confused, lethally poisoned (-7 -> -18), tree-form, ambrosia-drunk, hasted,
very quick
A: stationary, stasis, torment immunity, boosted hp, (horns 2), (retaliatory
headbutt)
a: Renounce Religion, Berserk, Trog's Hand


You were on level 3 of the Dungeon.
You worshipped Trog.
Trog was most pleased with you.
You were a tree.
You visited 1 branch of the dungeon, and saw 4 of its levels.
You also visited: Ossuary.

You collected 116 gold pieces.

Inventory:

Hand Weapons
 a - a +0 hand axe (weapon)
Missiles
 g - a poisoned dart (quivered)
Armour
 f - a +0 plate armour (melded)
Jewellery
 h - an amulet of the acrobat (around neck)
 r - a ring of protection from fire
 u - a +4 ring of protection (left branch)
Wands
 j - a wand of polymorph (7)
 t - a wand of paralysis (5)
Scrolls
 b - 2 scrolls of teleportation {unknown}
 c - 6 scrolls of identify {unknown}
 d - a scroll of poison {unknown}
 k - 3 scrolls of magic mapping {unknown}
 m - 2 scrolls of summoning {unknown}
 s - a scroll of enchant armour {unknown}
 v - a scroll of amnesia {unknown}
Potions
 e - 8 potions of degeneration
 i - a potion of ambrosia
 l - 2 potions of haste
 n - a potion of heal wounds {unknown}
 o - a potion of attraction {unknown}
 p - 2 potions of lignification
 q - a potion of curing {unknown}
 w - a potion of magic {unknown}


   Skills:
 - Level 3.6 Fighting
 + Level 8.3 Axes
 - Level 2.4 Armour
 - Level 2.1 Dodging


You had 5 spell levels left.
You didn't know any spells.
Your spell library was empty.

Dungeon Overview and Level Annotations

Branches:
Dungeon (4/15)             Temple (0/1) D:4         Ossuary (visited)

Altars:
Qazlal
Wu Jian

Annotations:
D:3 1 transporter, Ijyb


Innate Abilities, Weirdness & Mutations

You are a tree.
Your roots penetrate the ground, keeping you stationary.
You cannot be teleported.
You are immune to unholy pain and torment.
Your maximum health is greatly increased.
Your equipment is partially melded.
((You have a pair of horns on your head.))
((You reflexively headbutt those who attack you in melee.))


Message History

Ijyb hits you but does no damage.
You are more poisoned.
It was a potion of lignification.
You turn into a tree.
Your +0 plate armour melds into your body.
Your roots penetrate the ground.
* * * LOW HITPOINT WARNING * * *
You feel very sick. The hobgoblin hits you.
* * * LOW HITPOINT WARNING * * *
Ijyb zaps a wand.
The puff of flame hits you but does no damage.
It was a potion of ambrosia.
You are confused.
You feel invigorated.
* * * LOW HITPOINT WARNING * * *
You feel very sick.
Ijyb hits you with a +1 dagger of venom.
* * * LOW HITPOINT WARNING * * *
The hobgoblin hits you but does no damage.
Okay, then.
You cannot move. (Use ctrl+direction or * direction to attack while stationary and confused.)
You cannot move. (Use ctrl+direction or * direction to attack while stationary and confused.)
You closely miss the hobgoblin.
The hobgoblin is almost dead.
You closely miss Ijyb.
* * * LOW HITPOINT WARNING * * *
You feel very sick. Ijyb hits you but does no damage.
The hobgoblin hits you but does no damage.
You nearly hit yourself!
* * * LOW HITPOINT WARNING * * *
You feel sick.
You miss the hobgoblin.
The hobgoblin is almost dead.
You hit Ijyb but do no damage.
* * * LOW HITPOINT WARNING * * *
You feel sick.
The hobgoblin hits you but does no damage.
Ijyb zaps a wand.
The puff of flame hits you!
You die...

.....##...##)##.# ##.# #....#
...#.......#)#..###..# #....#©#
...........#†#...##.## #...##.#
...........#.#...##)# #..## #.#
.................#..#####..# .#
.......................#....
.......)..##................
........#......#...........
.....##.........♣..........
........####...#gg.........
....†..........(...........
.....#......#...............#
..........#.##(.(...........####
......##....##..#..............##
......####...((..#...............
#<.....###....... ####...........
##............... #.......#..


You could see Ijyb and a hobgoblin.

Vanquished Creatures
  3 jellies (D:2)
  A centaur zombie (Ossuary)
  A human zombie (Ossuary)
  4 mummies (Ossuary)
  2 adders (D:3)
  2 worms (D:2)
  3 dart slugs
  An orc (D:3)
  2 bats
  14 endoplasms
  A giant cockroach (D:3)
  A gnoll zombie (Ossuary)
  2 goblins (D:1)
  3 hobgoblins (D:4)
  4 ball pythons
  2 frilled lizards (D:2)
  A goblin zombie (Ossuary)
  13 kobolds
  3 kobold zombies (Ossuary)
  An orc zombie (Ossuary)
  5 rats
69 creatures vanquished.

Vanquished Creatures (others)
  A fungus (D:2)
  7 toadstools (D:2)
8 creatures vanquished.

Grand Total: 77 creatures vanquished

Notes
Turn   | Place    | Note
-------+----------+-------------------------------------------
     0 | D:1      | BuddhaDhamma the Minotaur Berserker began the quest for the
                  | Orb.
     0 | D:1      | Reached XP level 1. HP: 19/19 MP: 0/0
     5 | D:1      | Noticed an elephant
    13 | D:1      | Noticed an elephant
   319 | D:1      | Reached skill level 4 in Axes
   392 | D:1      | Reached XP level 2. HP: 25/26 MP: 1/1
   797 | D:1      | Found a faded altar of an unknown god.
   817 | D:2      | You fall into a shaft and drop 2 floors!
   926 | D:4      | Found an ornate altar of the Wu Jian Council.
   989 | D:4      | Identified the +1 scale mail of the Spheres {-Cast +Blink
                  | rF+}
  1080 | D:4      | Found a staircase to the Ecumenical Temple.
  1095 | D:4      | Found a sand-covered staircase.
  1104 | Ossuary  | Entered an ossuary
  1136 | Ossuary  | Reached skill level 5 in Axes
  1136 | Ossuary  | Reached XP level 3. HP: 22/31 MP: 2/2
  1277 | Ossuary  | Reached ** piety under Trog
  1299 | Ossuary  | Reached skill level 6 in Axes
  1299 | Ossuary  | Reached XP level 4. HP: 37/39 MP: 3/3
  1550 | D:3      | Reached XP level 5. HP: 38/45 MP: 4/4
  1551 | D:3      | Reached skill level 7 in Axes
  1720 | D:2      | Found a stormy altar of Qazlal.
  1976 | D:2      | Reached skill level 8 in Axes
  1977 | D:2      | Reached *** piety under Trog
  2290 | D:2      | Reached XP level 6. HP: 49/51 MP: 5/5
  2655 | D:3      | Found a transporter.
  2656 | D:3      | Noticed a small abomination
  2724 | D:3      | Noticed Ijyb
  2744 | D:3      | HP: 3/76 [poisoned by Ijyb]
  2746 | D:3      | Killed from afar by Ijyb

Illustrated notes

Levels and vault maps discovered:
D:1:      sevenhm_arrival_forest_fort_small_2, layout_basic,
          basic_ecumenical_altar, minmay_misc_feat_encased, fountainhead
D:2:      cheibrodos_fertilizer, layout_loops_cross, basic_altar
D:3:      minmay_spotlight, layout_rooms, gammafunk_ghost_abyssal_escape,
          hangedman_decor_lopped, kennysheep_generic_room_8, uniq_ijyb
D:4:      layout_basic, mainiacjoe_overflow_concentric_impassable,
          minmay_temple_entry_overgrown, nicolae_ossuary_entry_monument,
          minivault_5, guppyfry_early_orc_mine

Skill      XL: |  1  2  3  4  5 |
---------------+----------------+-----
Axes           | 4 5 6 8 |  8.3
Fighting       | |  3.6
Armour         | |  2.4
Dodging        | |  2.1

Action                   |  1- 3 |  4- 6 || total
-------------------------+-------+-------++-------
Melee: Hand axe          |    52 |    89 ||   141
       Headbutt          |    14 |    14 ||    28
       Punch             |     1 |     1 ||     2
Throw: Dart              |       |     6 ||     6
Invok: Berserk           |       |     3 ||     3
  Use: Potion            |       |     3 ||     3
Armor: Plate armour      |    15 |    43 ||    58
       Ring mail         |     2 |       ||     2
       Skin              |       |     5 ||     5
Dodge: Dodged            |    21 |    39 ||    60
